 Dungeon Crawl Stone Soup version 0.19.1-1-g22dce08 (webtiles) character file.

129 Corvus the Sneak (level 4, -9/34 HPs)
             Began as a Vampire Assassin on Jan 14, 2017.
             Shot with an arrow by a centaur (11 damage)
             ... on level 4 of the Dungeon.
             The game lasted 00:27:29 (3560 turns).

Corvus the Sneak (Vampire Assassin)                 Turns: 3560, Time: 00:27:30

Health: -9/34      AC:  0    Str: 10    XL:     4   Next: 88%
Magic:  3/4        EV: 20    Int: 13    God:
Gold:   99         SH:  0    Dex: 21    Spells: 0 memorised, 3 levels left

rFire  . . .     SeeInvis +     (weapon currently unavailable)
rCold  + . .     Gourm    .     (armour currently unavailable)
rNeg   + + .     Faith    .     (shield currently unavailable)
rPois  +         Spirit   .     (helmet currently unavailable)
rElec  .         Reflect  .     (cloak currently unavailable)
rCorr  .         Harm     .     (gloves currently unavailable)
MR     .....                    (boots currently unavailable)
Stlth  ++++++....               (no amulet)
                                (ring currently unavailable)
                                (ring currently unavailable)

@: bat-form, flying, regenerating slowly, very quick
A: fangs 3, see invisible, (unbreathing)
a: End Transformation


You were on level 4 of the Dungeon.
You were thirsty.
You were in vampire-bat-form.
You visited 1 branch of the dungeon, and saw 4 of its levels.

You collected 99 gold pieces.

Inventory:

Hand Weapons
 a - a +3 dagger (melded)
 b - a +0 blowgun
 t - a +1 short sword of draining
Missiles
 e - 24 poisoned needles
 f - 2 curare-tipped needles
 m - 92 stones (quivered)
Armour
 c - a +0 robe
 d - a +1 cloak (melded)
 l - a +0 ring mail (melded)
 q - a +0 leather armour
Jewellery
 p - a ring of stealth (melded)
Scrolls
 h - 3 scrolls of identify
 i - a scroll of enchant armour
 k - a scroll of teleportation
Potions
 g - 6 potions of blood
 n - a potion of might
 o - a potion of curing
 r - a potion of brilliance {unknown}
 s - a potion of mutation {unknown}


   Skills:
 + Level 2.5 Fighting
 * Level 3.4 Short Blades
 + Level 2.0 Throwing
 + Level 2.3 Dodging
 + Level 6.8 Stealth


You had 3 spell levels left.
You didn't know any spells.

Dungeon Overview and Level Annotations

Branches:
Dungeon (4/15)
 Temple: D:4-7

Altars:


Innate Abilities, Weirdness & Mutations

You heal slowly.
You have razor-sharp teeth.
You have supernaturally acute eyesight. (SInv)
((You can survive without breathing.))


Message History

The centaur shoots an arrow.
The arrow misses you.
The centaur shoots an arrow.
The arrow misses you.
The centaur shoots an arrow.
The arrow barely misses you.
The centaur shoots an arrow.
The arrow barely misses you.
The centaur shoots an arrow.
The arrow hits you!
You see here an arrow.
The centaur shoots an arrow.
The arrow hits you!
You see here an arrow.
The centaur shoots an arrow.
The arrow hits you.
* * * LOW HITPOINT WARNING * * *
You see here an arrow.
The centaur shoots an arrow.
The arrow hits you!
* * * LOW HITPOINT WARNING * * *
Okay, then.
Okay, then.
As you read the scroll labeled GEIBEV PAIFOIR, it crumbles to dust.
You feel as if something is helping you.
It was a scroll of remove curse.
The centaur shoots an arrow.
The arrow hits you!
You die...

## .# .# #.# .#
#.# .# #.# ##.#
#.# ##..# ### #.#
###.b# #.# #.#
##...##
#.####.####.(###
#......#....(.##
#####.......(..##
#..(%c......#
###...........#
#.(.........(.#
#...##.<........#


You could see a centaur.

Vanquished Creatures
  A crimson imp (D:2)
  The ghost of Zelle the Stinger, a weakling DsVM of Qazlal (D:3)
  3 adders
  An ooze (D:1)
  A dart slug (D:2)
  A leopard gecko (D:2)
  2 orcs
  3 giant cockroaches
  6 goblins
  3 hobgoblins
  4 kobolds
  7 bats
  6 frilled lizards
  7 rats
46 creatures vanquished.

Notes
Turn   | Place    | Note
-------+----------+-------------------------------------------
     0 | D:1      | Corvus the Vampire Assassin began the quest for the Orb.
     0 | D:1      | Reached XP level 1. HP: 16/16 MP: 1/1
   147 | D:1      | Reached skill level 6 in Stealth
   157 | D:1      | Reached XP level 2. HP: 21/22 MP: 2/2
  1238 | D:2      | Reached XP level 3. HP: 25/27 MP: 3/3
  2024 | D:2      | Reached XP level 4. HP: 32/33 MP: 4/4
  2926 | D:3      | Noticed Zelle's ghost (weakling DsVM)
  3098 | D:3      | Killed Zelle's ghost
  3508 | D:4      | Noticed a centaur
  3560 | D:4      | Shot with an arrow by a centaur

Skill      XL: |  1  2  3  4 |
---------------+-------------+-----
Stealth        | 6 |  6.8
Fighting       | 2 |  2.5
Short Blades   | 3 |  3.4
Dodging        | 2 |  2.3
Throwing       | 2 |  2.0

Action                   |  1- 3 |  4- 6 || total
-------------------------+-------+-------++-------
Melee: Dagger            |    58 |    55 ||   113
       Bite              |     3 |    13 ||    16
       Unarmed           |       |    40 ||    40
 Abil: Bat Form          |       |     6 ||     6
       End Transformatio |       |     5 ||     5
  Use: Scroll            |       |     6 ||     6
       Potion            |       |     3 ||     3
 Stab: Sleeping          |     8 |    10 ||    18
       Distracted        |     1 |       ||     1
  Eat: Corpse            |     2 |       ||     2
Armor: Robe              |     4 |       ||     4
       Ring mail         |     7 |    11 ||    18
Dodge: Dodged            |    17 |    71 ||    88
